[Event "Titled Tuesday Blitz March 15 Early 2022"]
[White "Fernandez Guillen, Ernesto J."]
[Black "Le, Tuan Minh"]
[WhiteFideId "3512428"]
[BlackFideId "12401153"]
[WhiteElo "2380"]
[BlackElo "2450"]
[Result "0-1"]
[Round "02"]
[TimeControl "180+1"]
[Date "2022.03.15"]
[WhiteClock "0:00:06"]
[BlackClock "0:00:20"]

1. e4 c5 2. Nf3 Nf6 3. Nc3 d5 4. exd5 Nxd5 5. Bc4 Nb6 6. Bb5+ Bd7 7. Bxd7+ Qxd7 8. O-O Nc6 9. Re1 e6 10. b3 Be7 11. Bb2 O-O 12. d3 Rfd8 13. Ne4 Rac8 14. Ne5 Nxe5 15. Bxe5 Nd5 16. Qg4 f6 17. Bb2 e5 18. Qxd7 Rxd7 19. a3 Kf7 20. Rad1 Rcd8 21. g3 b5 22. Ra1 c4 23. dxc4 bxc4 24. b4 Nb6 25. g4 Na4 26. Bc3 g6 27. Re3 Rd1+ 28. Rxd1 Rxd1+ 29. Kg2 Rc1 30. g5 f5 31. Nf6 e4 32. Rh3 h5 33. gxh6 Nxc3 34. Rxc3 Bxf6 35. Rxc4 Rd1 36. Rc7+ Ke6 37. h7 Rd8 38. Rxa7 f4 39. b5 Bd4 40. Ra6+ Kf5 41. Rc6 f3+ 42. Kh3 Rh8 43. Rc7 Bxf2 44. Rb7 e3 45. b6 e2 46. Rf7+ Ke6 47. Rxf3 e1=Q 48. b7 Rxh7+ 49. Kg4 Qe4+ 50. Rf4 Rh4+ 0-1


[Site "https://www.chess.com"]

[Event "Titled Tuesday Blitz March 15 Early 2022"]
[White "Flis, Pawel"]
[Black "Ismayil, Malak"]
[WhiteFideId "1112864"]
[BlackFideId "13412604"]
[WhiteElo "1735"]
[BlackElo "1879"]
[Result "0-1"]
[Round "02"]
[TimeControl "180+1"]
[Date "2022.03.15"]
[WhiteClock "0:00:20"]
[BlackClock "0:00:31"]

1. e4 e5 2. d4 exd4 3. Nf3 Nc6 4. Bc4 Bc5 5. O-O d6 6. c3 Nf6 7. cxd4 Bb6 8. Nc3 Bg4 9. Be3 O-O 10. h3 Bxf3 11. gxf3 Qd7 12. Kh2 Rae8 13. Rg1 Kh8 14. Nd5 Nxd5 15. Bxd5 f5 16. Rg5 fxe4 17. fxe4 Rf6 18. Rc1 Ref8 19. Qg4 Qxg4 20. Rxg4 Nxd4 21. Bxb7 Nf3+ 22. Kg3 Bxe3 23. fxe3 Ne5 24. Rf4 c5 25. Bd5 g5 26. Rxf6 Rxf6 27. Re1 Kg7 28. Kg2 Kg6 29. Rf1 Rxf1 30. Kxf1 Nd3 31. Ke2 Nxb2 32. Kd2 Na4 33. Kc2 Kf6 34. Kb3 Nb6 35. Bb7 Ke5 36. Kc3 h5 37. Kd3 g4 38. hxg4 hxg4 39. Ke2 Nc4 40. Kf2 Nd2 41. Kg3 Nxe4+ 42. Kxg4 Nc3 43. a3 Nd1 44. Kf3 d5 45. Bc6 Nb2 46. a4 Nc4 47. Bb5 Na5 48. Ke2 Nb3 49. Kd3 Na5 50. Be8 Nb7 51. Bc6 Nd6 52. Bd7 a5 53. Bb5 c4+ 54. Ke2 Ne4 55. Bc6 Nc3+ 56. Kd2 Na2 57. Kc2 Nb4+ 58. Kc3 Nxc6 0-1


[Site "https://www.chess.com"]

[Event "Titled Tuesday Blitz March 15 Early 2022"]
[White "Gaehwiler, Gabriel"]
[Black "Golubev, Mikhail"]
[WhiteFideId "1314530"]
[BlackFideId "14100983"]
[WhiteElo "2383"]
[BlackElo "2374"]
[Result "1-0"]
[Round "02"]
[TimeControl "180+1"]
[Date "2022.03.15"]
[WhiteClock "0:00:11"]
[BlackClock "0:00:02"]

1. d4 Nf6 2. c4 g6 3. Nf3 Bg7 4. g3 O-O 5. Bg2 d6 6. O-O Nbd7 7. b3 e5 8. Bb2 e4 9. Nfd2 e3 10. fxe3 Ng4 11. Rf3 Re8 12. e4 Bh6 13. Nf1 Rxe4 14. Nc3 Re8 15. e4 c5 16. Nd5 cxd4 17. Bxd4 Nge5 18. Rf2 Bg7 19. Nfe3 Nc5 20. Rd2 Be6 21. Nf4 Qg5 22. Qc2 h5 23. Rf1 h4 24. b4 Ncd7 25. gxh4 Qxh4 26. Qc3 Rac8 27. c5 dxc5 28. bxc5 b6 29. Nxe6 Rxe6 30. Nd5 bxc5 31. Bf2 Qh6 32. Bg3 Rf8 33. Qc2 Ng4 34. Qd1 Ne3 35. Nxe3 Qxe3+ 36. Bf2 Qf4 37. Rxd7 Be5 38. Bg3 Qe3+ 39. Bf2 Qf4 40. Re1 Qxh2+ 41. Kf1 Rf6 42. Rd3 Bd4 43. Rf3 Bxf2 44. Rxf2 Rxf2+ 45. Kxf2 Qh4+ 46. Kg1 Rd8 47. Qe2 Rd4 48. Qf2 1-0


[Site "https://www.chess.com"]

[Event "Titled Tuesday Blitz March 15 Early 2022"]
[White "Hamitevici, Vladimir"]
[Black "Bluebaum, Matthias"]
[WhiteFideId "13902393"]
[BlackFideId "24651516"]
[WhiteElo "2359"]
[BlackElo "2550"]
[Result "0-1"]
[Round "02"]
[TimeControl "180+1"]
[Date "2022.03.15"]
[WhiteClock "0:00:02"]
[BlackClock "0:01:43"]

1. a3 d5 2. Nf3 Bg4 3. e3 e6 4. d4 Nf6 5. c4 c6 6. Nc3 Nbd7 7. Be2 Bd6 8. h3 Bh5 9. b3 O-O 10. Bb2 a5 11. O-O Qe7 12. Qc2 Rfc8 13. Rfe1 e5 14. dxe5 Nxe5 15. Nxe5 Qxe5 16. g3 Bg6 17. Bd3 Qe6 18. Kg2 dxc4 19. bxc4 Qxc4 20. Bxc4 Bxc2 21. Rac1 Bg6 22. e4 Be5 23. Bd3 Rd8 24. Rcd1 Bxc3 25. Bxc3 Rxd3 26. Rxd3 Bxe4+ 27. Rxe4 Nxe4 28. Be1 Nc5 29. Re3 Kf8 30. Bc3 f6 31. Bd4 Nd7 32. Rb3 b5 33. Rc3 Rc8 34. Rc1 c5 35. Bc3 Ra8 36. Bd2 Ke7 37. Rd1 b4 38. Be3 Rc8 0-1


[Site "https://www.chess.com"]

[Event "Titled Tuesday Blitz March 15 Early 2022"]
[White "Hammer, Jon Ludvig"]
[Black "Horcajuelo Rocamora, Martin"]
[WhiteFideId "1503707"]
[BlackFideId "24573027"]
[WhiteElo "2607"]
[BlackElo "1706"]
[Result "1-0"]
[Round "02"]
[TimeControl "180+1"]
[Date "2022.03.15"]
[WhiteClock "0:00:55"]
[BlackClock "0:00:48"]

1. e4 c5 2. Nf3 e6 3. g3 Nc6 4. Bg2 Be7 5. O-O Nf6 6. Re1 O-O 7. d4 c4 8. d5 Bb4 9. c3 Bc5 10. dxc6 bxc6 11. e5 Nd5 12. Nbd2 Nb6 13. Ne4 Be7 14. Bg5 f6 15. exf6 gxf6 16. Bh6 Rf7 17. Nd6 Bxd6 18. Qxd6 Qe7 19. Qxe7 Rxe7 20. Nd4 Kf7 21. Bf3 Kg6 22. Bd2 Bb7 23. a4 Nd5 24. Be4+ Kf7 25. Bxd5 cxd5 26. Nb5 Bc6 27. Nd6+ Kg6 28. f4 e5 29. f5+ Kg7 30. Be3 Kg8 31. a5 a6 32. Rab1 Rb8 33. Bb6 Ba4 34. Kf2 Rc8 35. Nxc8 1-0


[Site "https://www.chess.com"]

[Event "Titled Tuesday Blitz March 15 Early 2022"]
[White "Hansen, Soren Bech"]
[Black "Kuzmin, Roman"]
[WhiteFideId "1400681"]
[BlackFideId "44134932"]
[WhiteElo "2229"]
[BlackElo "1978"]
[Result "0-1"]
[Round "02"]
[TimeControl "180+1"]
[Date "2022.03.15"]
[WhiteClock "0:00:13"]
[BlackClock "0:00:09"]

1. e4 c5 2. Nf3 d6 3. Bb5+ Bd7 4. Bxd7+ Qxd7 5. O-O Nf6 6. Qe2 Nc6 7. c3 e6 8. d4 cxd4 9. cxd4 d5 10. e5 Ne4 11. Nbd2 Nxd2 12. Bxd2 Be7 13. Rfc1 O-O 14. Rc3 Rfc8 15. Rac1 a6 16. h4 h6 17. h5 Bd8 18. g4 Ba5 19. Rxc6 Rxc6 20. Rxc6 Qxc6 21. Bxa5 Qc1+ 22. Kg2 Rc8 23. Bc3 b5 24. a3 Qf4 25. Ne1 a5 26. Nd3 Qg5 27. Bxa5 Re8 28. Bd2 Qh4 29. Qf3 Qe7 30. Bb4 Qg5 31. Qf4 Qh4 32. Qg3 Qg5 33. f4 Qd8 34. g5 Kh8 35. Kh3 f6 36. exf6 gxf6 37. g6 Kg7 38. Bc5 Qc8 39. Kh2 Qb8 40. Nf2 b4 41. axb4 Qb5 42. Qd3 Qb8 43. Qa6 Qxf4+ 44. Kg2 Qg5+ 45. Kf3 Qxh5+ 46. Ke3 Kxg6 47. Qb7 Qg5+ 48. Ke2 e5 49. Qxd5 exd4+ 50. Kf1 Qxd5 0-1


[Site "https://www.chess.com"]

[Event "Titled Tuesday Blitz March 15 Early 2022"]
[White "Hernandez Jimenez, Alexander Andres"]
[Black "Tomb, Maroun"]
[WhiteFideId "3900452"]
[BlackFideId "5300398"]
[WhiteElo "2082"]
[BlackElo "2538"]
[Result "1/2-1/2"]
[Round "02"]
[TimeControl "180+1"]
[Date "2022.03.15"]
[WhiteClock "0:00:02"]
[BlackClock "0:00:29"]

1. e4 d6 2. d4 Nf6 3. Nc3 e5 4. Nf3 Nbd7 5. Be2 Be7 6. O-O c6 7. a4 Qc7 8. Re1 b6 9. Bf1 a6 10. g3 O-O 11. Bg2 Re8 12. h3 Bb7 13. dxe5 dxe5 14. Qe2 b5 15. axb5 axb5 16. Bg5 Nc5 17. Nh4 h6 18. Bd2 b4 19. Rxa8 Rxa8 20. Nd1 Ne6 21. c3 Ba6 22. Qf3 Ng5 23. Bxg5 hxg5 24. Nf5 Bc5 25. Nde3 Nh7 26. h4 g6 27. Nh6+ Kg7 28. Nhg4 gxh4 29. gxh4 Qe7 30. Qg3 Bxe3 31. Nxe3 Kh8 32. Ra1 bxc3 33. bxc3 Nf6 34. Bf1 Bb7 35. Rxa8+ Bxa8 36. Qg5 Ng8 37. Ng4 c5 38. Qxe5+ Qxe5 39. Nxe5 Bxe4 40. Nxf7+ Kg7 41. Nd6 Bf5 42. Nxf5+ gxf5 43. Kg2 Nf6 44. Bd3 Kg6 45. Kf3 Nd5 46. c4 Nb4 47. Bb1 Nc6 48. Kf4 Nd4 49. Ke5 Kh5 50. Bxf5 Kxh4 51. Be4 Kg5 52. Kd5 Kf4 53. Kxc5 Kxe4 54. Kb6 Kf3 55. c5 Kxf2 56. c6 Nxc6 1/2-1/2


[Site "https://www.chess.com"]

[Event "Titled Tuesday Blitz March 15 Early 2022"]
[White "Hoffmann, Asa"]
[Black "Matinian, Nikita"]
[WhiteFideId "2001470"]
[BlackFideId "24129100"]
[WhiteElo "2117"]
[BlackElo "2422"]
[Result "0-1"]
[Round "02"]
[TimeControl "180+1"]
[Date "2022.03.15"]
[WhiteClock "0:00:17"]
[BlackClock "0:01:30"]

1. d4 Nf6 2. Bg5 d5 3. Nd2 e6 4. e3 c5 5. c3 Nc6 6. f4 h6 7. Bh4 g5 8. fxg5 Nh7 9. Ngf3 Nxg5 10. Bb5 Be7 11. Bg3 Qb6 12. Qe2 Bd7 13. O-O-O Rc8 14. Bxc6 Bxc6 15. Ne5 Bb5 16. Qh5 cxd4 17. exd4 Qxd4 18. Ndf3 Qa4 19. Kb1 Bc4 20. a3 Qb3 21. h4 Bxa3 22. Nxc4 Rxc4 23. Rd2 Ne4 24. Rhd1 Nxc3+ 0-1


[Site "https://www.chess.com"]

[Event "Titled Tuesday Blitz March 15 Early 2022"]
[White "Horobetz, Graham"]
[Black "Tabatabaei, M. Amin"]
[WhiteFideId "2047322"]
[BlackFideId "12521213"]
[WhiteElo "2602"]
[BlackElo "2544"]
[Result "0-1"]
[Round "02"]
[TimeControl "180+1"]
[Date "2022.03.15"]
[WhiteClock "0:00:03"]
[BlackClock "0:00:27"]

1. e4 e6 2. d4 d5 3. Nd2 Be7 4. Ngf3 Nf6 5. e5 Nfd7 6. Bd3 c5 7. c3 Nc6 8. O-O g5 9. dxc5 g4 10. Nd4 Ndxe5 11. Bb5 Bd7 12. b4 Qc7 13. a4 h5 14. N2b3 Ng6 15. Re1 e5 16. c4 dxc4 17. Nxc6 Bxc6 18. Bxc6+ bxc6 19. Na5 Bxc5 20. Nxc4 Bxb4 21. Re4 O-O 22. h3 Rad8 23. Qe2 f5 24. Rxe5 Nxe5 25. Nxe5 Bc3 26. Qc4+ Kh7 27. Qxc3 Rd1+ 28. Kh2 gxh3 29. Bb2 Rxa1 30. Bxa1 hxg2 31. Qf3 Qd6 32. Qxh5+ Qh6 33. Qxh6+ Kxh6 34. Kxg2 c5 35. Bc3 Rb8 36. Bd2+ Kh5 37. Nd7 Rd8 38. Nf6+ Kg6 39. Bc3 Rd3 40. Bb2 c4 0-1


[Site "https://www.chess.com"]

[Event "Titled Tuesday Blitz March 15 Early 2022"]
[White "Ilyasli, Ughur"]
[Black "Royal, Shreyas"]
[WhiteFideId "13416197"]
[BlackFideId "448869"]
[WhiteElo "2045"]
[BlackElo "1986"]
[Result "1-0"]
[Round "02"]
[TimeControl "180+1"]
[Date "2022.03.15"]
[WhiteClock "0:00:22"]
[BlackClock "0:01:25"]

1. d4 Nf6 2. c4 e6 3. Nc3 Bb4 4. Qb3 c5 5. dxc5 Nc6 6. Nf3 O-O 7. a3 Bxc5 8. e3 d5 9. cxd5 exd5 10. Be2 d4 11. exd4 Nxd4 12. Nxd4 Qxd4 13. Be3 Qd6 14. Rd1 Qe7 15. Bxc5 Qxc5 16. O-O Bg4 17. Bxg4 Nxg4 18. h3 Ne5 19. Rd5 Qe7 20. Qd1 Rad8 21. Re1 Rxd5 22. Nxd5 Qd6 23. f4 Qc5+ 24. Kh2 Nc6 25. b4 Qc4 26. Qh5 h6 27. Re3 Rd8 28. Nf6+ gxf6 29. Qxh6 Rd3 30. Re8# 1-0


[Site "https://www.chess.com"]

[Event "Titled Tuesday Blitz March 15 Early 2022"]
[White "Istvanovszki, Martin"]
[Black "Muhammad, Shahzeb"]
[WhiteFideId "726958"]
[BlackFideId "7804806"]
[WhiteElo "2345"]
[BlackElo "2236"]
[Result "1-0"]
[Round "02"]
[TimeControl "180+1"]
[Date "2022.03.15"]
[WhiteClock "0:00:35"]
[BlackClock "0:00:19"]

1. e4 d5 2. exd5 Nf6 3. Bb5+ Nbd7 4. Nc3 a6 5. Be2 Nb6 6. d4 Nbxd5 7. Nxd5 Qxd5 8. Nf3 Bg4 9. c4 Qd6 10. O-O e6 11. b3 Be7 12. Bb2 O-O 13. Ne5 Bf5 14. Bf3 Rab8 15. Re1 Rfd8 16. Qe2 c5 17. Rad1 Qc7 18. h3 h6 19. Qe3 Rbc8 20. g4 Bh7 21. Nxf7 Kxf7 22. Qxe6+ Kf8 23. d5 Qd7 24. Qe3 Re8 25. Kg2 Bd6 26. Qd2 Qf7 27. Re6 Be4 28. Bxf6 Bxf3+ 29. Kxf3 Rxe6 30. dxe6 Qxf6+ 31. Kg2 Rd8 32. Re1 Ke7 33. Qd5 Qf4 34. Qxb7+ Ke8 35. Kf1 Qh2 36. Qf7# 1-0


[Site "https://www.chess.com"]

[Event "Titled Tuesday Blitz March 15 Early 2022"]
[White "Jaskolka, Tomasz"]
[Black "Priasmoro, Novendra"]
[WhiteFideId "1170791"]
[BlackFideId "7105029"]
[WhiteElo "2073"]
[BlackElo "2309"]
[Result "1-0"]
[Round "02"]
[TimeControl "180+1"]
[Date "2022.03.15"]
[WhiteClock "0:00:11"]
[BlackClock "0:00:22"]

1. d4 Nf6 2. Bf4 e6 3. e3 d5 4. c3 Bd6 5. Bg3 c5 6. Nd2 Nc6 7. Ngf3 Qc7 8. dxc5 Bxg3 9. hxg3 e5 10. Bb5 O-O 11. Bxc6 bxc6 12. Qc2 e4 13. Nd4 Ba6 14. Qa4 Bd3 15. Qxc6 Qa5 16. N2b3 Qd8 17. Qd6 Qc8 18. Ne2 a5 19. Nbd4 Ra6 20. c6 Re8 21. Nf4 Qg4 22. Rh4 Qg5 23. Kd2 Rb6 24. b3 a4 25. b4 Bc4 26. a3 h6 27. Rah1 Ra6 28. Nh5 Ng4 29. Qd7 Nxf2 30. Qxe8+ Kh7 31. Qxf7 Nxh1 32. Rxh1 Ra8 33. Qxg7+ Qxg7 34. Nxg7 Kxg7 35. Rh5 Kg6 36. Re5 Rc8 37. Re6+ Kg5 38. Rd6 h5 39. c7 Kg4 40. Rg6# 1-0


[Site "https://www.chess.com"]

[Event "Titled Tuesday Blitz March 15 Early 2022"]
[White "Kamsky, Gata"]
[Black "Myshakov, Fyodor"]
[WhiteFideId "2000024"]
[BlackFideId "14111284"]
[WhiteElo "2645"]
[BlackElo "2310"]
[Result "1-0"]
[Round "02"]
[TimeControl "180+1"]
[Date "2022.03.15"]
[WhiteClock "0:01:43"]
[BlackClock "0:00:09"]

1. e4 c6 2. d4 d5 3. exd5 cxd5 4. Bd3 Nf6 5. c3 Nc6 6. Bf4 g6 7. Nf3 Bg7 8. h3 O-O 9. Nbd2 Bf5 10. Bxf5 gxf5 11. Ne5 Nxe5 12. Bxe5 Ne4 13. Bf4 e6 14. Nf3 Rc8 15. Qe2 a6 16. g4 fxg4 17. hxg4 f5 18. g5 b5 19. a3 Qd7 20. Ne5 Bxe5 21. Bxe5 Qe8 22. f3 Nxc3 23. bxc3 Rxc3 24. Rxh7 Qc8 25. Rg7+ 1-0


[Site "https://www.chess.com"]

[Event "Titled Tuesday Blitz March 15 Early 2022"]
[White "Kett, Tim"]
[Black "Mortazavi, Ali"]
[WhiteFideId "1801210"]
[BlackFideId "401323"]
[WhiteElo "2098"]
[BlackElo "2339"]
[Result "0-1"]
[Round "02"]
[TimeControl "180+1"]
[Date "2022.03.15"]
[WhiteClock "0:00:01"]
[BlackClock "0:00:05"]

1. e4 c6 2. d4 d5 3. e5 Bf5 4. h4 c5 5. dxc5 Nc6 6. a3 e6 7. b4 Nxe5 8. Bb2 Nc4 9. Bc3 Nf6 10. Nd2 b5 11. cxb6 Nxb6 12. Ngf3 Bd6 13. h5 h6 14. Bb5+ Kf8 15. Nd4 Bh7 16. Qf3 Rc8 17. O-O Qc7 18. Bb2 Bh2+ 19. Kh1 Bf4 20. Rae1 e5 21. N4b3 e4 22. Qh3 Be5 23. Bxe5 Qxe5 24. Nc5 Qxh5 25. Qxh5 Nxh5 26. a4 Nf6 27. a5 Na8 28. Ndb3 Nc7 29. Bc6 Bf5 30. b5 Ne6 31. Nxe6+ Bxe6 32. Nc5 Ke7 33. f3 Kd6 34. Nxe6 fxe6 35. fxe4 Nxe4 36. Rf7 Rc7 37. Rxc7 Kxc7 38. Rf1 Kd6 39. Rf7 a6 40. Rd7+ Ke5 41. Rxg7 axb5 42. a6 Rf8 43. a7 Rf1+ 44. Kh2 Nf2 45. a8=Q Rh1+ 46. Kg3 Ne4+ 47. Kg4 Nf2+ 0-1


[Site "https://www.chess.com"]

[Event "Titled Tuesday Blitz March 15 Early 2022"]
[White "Kevlishvili, Robby"]
[Black "Goryachkina, Aleksandra"]
[WhiteFideId "1040634"]
[BlackFideId "4147103"]
[WhiteElo "2584"]
[BlackElo "2426"]
[Result "1-0"]
[Round "02"]
[TimeControl "180+1"]
[Date "2022.03.15"]
[WhiteClock "0:00:36"]
[BlackClock "0:00:03"]

1. e4 e6 2. d4 d5 3. Nd2 c5 4. Ngf3 cxd4 5. Nxd4 Nc6 6. Bb5 Bd7 7. Nxc6 bxc6 8. Bd3 Bd6 9. Qe2 Qc7 10. Nf3 dxe4 11. Qxe4 Nf6 12. Qh4 c5 13. Nd2 Nd5 14. Nc4 Bf4 15. O-O h6 16. Re1 O-O 17. b3 Bxc1 18. Raxc1 Qf4 19. Qg3 Rad8 20. Ne5 Qxg3 21. hxg3 Nb4 22. Bc4 Nc6 23. Rcd1 Be8 24. Rxd8 Nxd8 25. f3 Bc6 26. Rd1 Bd5 27. Bxd5 exd5 28. Rxd5 Ne6 29. Rd7 f6 30. Nc4 Nd4 31. Rxa7 Nxc2 32. Rc7 Nb4 33. a3 Nd3 34. Rd7 Nc1 35. Rb7 Rd8 36. a4 Rd1+ 37. Kf2 Na2 38. a5 Nb4 39. g4 Rb1 40. Nd6 Ra1 41. Nf5 Rxa5 42. Rxg7+ Kf8 43. Rb7 Ra2+ 44. Kg3 Rb2 45. Nxh6 Rxb3 46. Nf5 c4 47. Nd4 Rb2 48. Ne6+ Ke8 49. Nc7+ Kd8 50. Nd5 Nd3 51. Rxb2 Nxb2 52. Kf4 Nd3+ 53. Kf5 Ne1 54. Kxf6 Nxg2 55. g5 Nh4 56. g6 Nxg6 57. Kxg6 Kd7 58. f4 Kd6 59. Nc3 Kc5 60. f5 Kd4 61. Na4 1-0


[Site "https://www.chess.com"]

[Event "Titled Tuesday Blitz March 15 Early 2022"]
[White "Khabinets, Ivan"]
[Black "Christensen, Thomas"]
[WhiteFideId "14115980"]
[BlackFideId "1403532"]
[WhiteElo "2114"]
[BlackElo "2266"]
[Result "1-0"]
[Round "02"]
[TimeControl "180+1"]
[Date "2022.03.15"]
[WhiteClock "0:00:49"]
[BlackClock "0:00:12"]

1. d4 Nc6 2. c4 e5 3. Nf3 exd4 4. Nxd4 Bc5 5. Nb3 Bb4+ 6. Bd2 Bxd2+ 7. Qxd2 d6 8. Nc3 Nge7 9. e3 O-O 10. Be2 Ng6 11. O-O f5 12. g3 Nce5 13. f4 Ng4 14. Bxg4 fxg4 15. Rad1 h5 16. c5 h4 17. cxd6 cxd6 18. Qxd6 Qe8 19. Nd5 hxg3 20. hxg3 Qe4 21. Qxg6 Qxg6 22. Ne7+ Kh7 23. Nxg6 Kxg6 24. Rd6+ Rf6 25. Rd8 b6 26. Nd4 Bb7 27. f5+ Kh7 28. Rd7 Be4 29. Rf4 Bc6 30. Rc7 Bd5 31. Rxg4 Rg8 32. e4 Bxa2 33. e5 Rh6 34. f6 Rg6 35. Rh4+ Rh6 36. f7 Rf8 37. e6 Bxe6 38. Nxe6 Rxh4 39. Nxf8+ 1-0


[Site "https://www.chess.com"]

[Event "Titled Tuesday Blitz March 15 Early 2022"]
[White "Koellner, Ruben Gideon"]
[Black "Jumabayev, Rinat"]
[WhiteFideId "12993093"]
[BlackFideId "13702661"]
[WhiteElo "2423"]
[BlackElo "2561"]
[Result "0-1"]
[Round "02"]
[TimeControl "180+1"]
[Date "2022.03.15"]
[WhiteClock "0:00:04"]
[BlackClock "0:00:08"]

1. d4 Nf6 2. Bg5 d5 3. e3 c5 4. Bxf6 gxf6 5. dxc5 e6 6. c4 dxc4 7. Nd2 Bxc5 8. Bxc4 Nd7 9. Ngf3 Be7 10. O-O O-O 11. Rc1 a6 12. Nd4 Ne5 13. Qh5 Kh8 14. Bb3 f5 15. Rfd1 Rg8 16. N2f3 Nxf3+ 17. Nxf3 Qe8 18. Ne5 f6 19. Nf7+ Kg7 20. Rxc8 Qxc8 21. Nh6 Rd8 22. Re1 Rd6 23. Qf7+ Kxh6 24. Qxe7 Qd8 25. Qxb7 Rc8 26. Qf3 Rc5 27. Qf4+ Kg7 28. h3 Qc7 29. Qg3+ Kh8 30. Qh4 Qg7 31. Kh2 e5 32. Re2 Rd8 33. g3 Rc1 34. Rc2 Rxc2 35. Bxc2 Rd2 36. Bb3 Rxf2+ 37. Kg1 Rf3 38. Kg2 e4 39. g4 Qg5 40. Qxg5 fxg5 41. gxf5 Rxf5 42. Bc2 Rf3 43. Bxe4 Rxe3 44. Bb7 Re2+ 45. Kg3 Rxb2 46. Bxa6 Rxa2 47. Bc8 Ra4 48. Bd7 Rh4 49. Bg4 Kg7 50. Kf3 h6 51. Kg3 Kf6 52. Kf3 Ke5 53. Ke3 h5 54. Bc8 Rc4 55. Bd7 Rc3+ 56. Kf2 Kf4 57. Be6 Rg3 58. Bd7 g4 59. hxg4 h4 60. g5 h3 61. g6 h2 62. Bc6 Rxg6 63. Bd5 Rg1 0-1


[Site "https://www.chess.com"]

[Event "Titled Tuesday Blitz March 15 Early 2022"]
[White "Kosteniuk, Alexandra"]
[Black "Bortnyk, Olexandr"]
[WhiteFideId "4128125"]
[BlackFideId "14120828"]
[WhiteElo "2469"]
[BlackElo "2723"]
[Result "0-1"]
[Round "02"]
[TimeControl "180+1"]
[Date "2022.03.15"]
[WhiteClock "0:00:32"]
[BlackClock "0:02:03"]

1. d4 d6 2. e4 Nf6 3. Nc3 Nbd7 4. Nf3 e5 5. Bc4 Be7 6. O-O c6 7. a4 h6 8. Ba2 Qc7 9. Re1 g5 10. b4 Nf8 11. b5 Ng6 12. bxc6 bxc6 13. d5 c5 14. Bc4 Kf8 15. a5 Nf4 16. Nd2 h5 17. Bf1 h4 18. Nc4 h3 19. g3 Ng2 20. Bxg2 hxg2 21. Ne3 Qd7 22. Qf3 Rxh2 23. Nf5 Rh1+ 24. Kxg2 Rxe1 25. Bxg5 Rxa1 26. Bh6+ Ke8 27. Qe2 0-1


[Site "https://www.chess.com"]

[Event "Titled Tuesday Blitz March 15 Early 2022"]
[White "Kovanova, Baira"]
[Black "Thavandiran, Shiyam"]
[WhiteFideId "4164083"]
[BlackFideId "2605058"]
[WhiteElo "2190"]
[BlackElo "2357"]
[Result "1-0"]
[Round "02"]
[TimeControl "180+1"]
[Date "2022.03.15"]
[WhiteClock "0:00:16"]
[BlackClock "0:00:08"]

1. e4 e6 2. d4 d5 3. Nd2 Nc6 4. Ngf3 Nf6 5. e5 Nd7 6. c3 f6 7. exf6 Qxf6 8. Bd3 e5 9. dxe5 Ncxe5 10. Qe2 Bd6 11. Nxe5 Qxe5 12. Nf3 Qxe2+ 13. Bxe2 c6 14. O-O O-O 15. Bg5 Nc5 16. Rad1 Ne4 17. Be3 Be6 18. Nd4 Bf7 19. f3 Nf6 20. Nf5 Bc7 21. Bd3 Rfe8 22. Bd4 b6 23. Bxf6 gxf6 24. Nh6+ Kg7 25. Nxf7 Kxf7 26. Rfe1 h5 27. g3 h4 28. Kf2 Rg8 29. f4 b5 30. Kf3 a5 31. Bf5 Rgd8 32. Re6 Rd6 33. Rde1 Rxe6 34. Bxe6+ Kg7 35. Bd7 Ra6 36. Re7+ Kg6 37. Be8+ Kh6 38. Rxc7 hxg3 39. hxg3 b4 40. Rxc6 Ra8 41. Bd7 Ra7 42. Bf5 bxc3 43. bxc3 Kg7 44. Rd6 Ra8 45. Rxd5 a4 46. Bc2 1-0


[Site "https://www.chess.com"]

[Event "Titled Tuesday Blitz March 15 Early 2022"]
[White "Kowalczyk, Pawel"]
[Black "Niemann, Hans Moke"]
[WhiteFideId "1130641"]
[BlackFideId "2093596"]
[WhiteElo "2344"]
[BlackElo "2632"]
[Result "0-1"]
[Round "02"]
[TimeControl "180+1"]
[Date "2022.03.15"]
[WhiteClock "0:00:38"]
[BlackClock "0:00:56"]

1. e4 c5 2. d4 cxd4 3. c3 dxc3 4. Nxc3 Nc6 5. Bc4 e6 6. Nf3 a6 7. O-O Nge7 8. Bg5 f6 9. Bh4 Ng6 10. Bg3 Be7 11. Qe2 O-O 12. Rfd1 Qa5 13. a4 Qh5 14. Rac1 Nge5 15. Nxe5 Qxe2 16. Bxe2 fxe5 17. f3 d6 18. Bf2 Bd7 19. Bc4 Rac8 20. Ba2 Nb4 21. Bb3 Kf7 22. Kf1 Rc6 23. a5 Rcc8 24. Na4 Bb5+ 25. Kg1 Nd3 26. Rxc8 Rxc8 27. Nb6 Rc7 28. Rb1 Bg5 29. Bd1 Nb4 30. h4 Bc1 31. Be1 Nd3 32. Bc3 Be3+ 33. Kh2 Bd4 34. Bd2 Nxb2 35. Bb3 Nd3 36. Bg5 h6 37. Bd8 Rc3 38. h5 Nf4 39. g4 Rxf3 0-1


[Site "https://www.chess.com"]

[Event "Titled Tuesday Blitz March 15 Early 2022"]
[White "Krishnan, Varun"]
[Black "Kulkarni, Rakesh"]
[WhiteFideId "5054508"]
[BlackFideId "5037077"]
[WhiteElo "2580"]
[BlackElo "2246"]
[Result "0-1"]
[Round "02"]
[TimeControl "180+1"]
[Date "2022.03.15"]
[WhiteClock "0:00:03"]
[BlackClock "0:00:26"]

1. e4 d5 2. exd5 c6 3. dxc6 Nxc6 4. c3 e5 5. Bb5 Bc5 6. Qe2 Qc7 7. d4 Bd6 8. dxe5 Bc5 9. Nf3 Ne7 10. O-O O-O 11. Bf4 Ng6 12. Bg3 Bg4 13. b4 Bxf3 14. Qxf3 Ncxe5 15. Qe2 Bd6 16. h4 a6 17. Ba4 Nc4 18. h5 Bxg3 19. hxg6 Bh2+ 20. Kh1 Be5 21. gxh7+ Kh8 22. Bb3 b5 23. a4 Rae8 24. Qf3 Re6 25. g3 Rf6 26. Qg2 Bxg3 27. fxg3 Ne3 28. Rxf6 Nxg2 29. Rf2 Ne3 30. axb5 Qxg3 31. Raa2 axb5 32. Bxf7 Ng4 33. Rg2 Qe1+ 34. Rg1 Qh4+ 35. Kg2 Qh2+ 36. Kf3 Rxf7+ 37. Kxg4 Qxg1+ 38. Kh5 Kxh7 39. Re2 0-1


[Site "https://www.chess.com"]

[Event "Titled Tuesday Blitz March 15 Early 2022"]
[White "Ladan, Nicholas"]
[Black "Al-Tarboush, Ward"]
[WhiteFideId "30918855"]
[BlackFideId "7601450"]
[WhiteElo "2167"]
[BlackElo "2276"]
[Result "1-0"]
[Round "02"]
[TimeControl "180+1"]
[Date "2022.03.15"]
[WhiteClock "0:00:20"]
[BlackClock "0:01:15"]

1. d4 d5 2. Bf4 Nf6 3. e3 c5 4. Nf3 Qb6 5. Nbd2 g6 6. dxc5 Qxc5 7. Rc1 Bg7 8. c4 O-O 9. a3 Bg4 10. b4 Qc6 11. cxd5 Qxd5 12. Bc4 Qh5 13. Qb3 Nbd7 14. Ng5 e6 15. f3 Bf5 16. g4 Nxg4 17. fxg4 Bxg4 18. h4 Rac8 19. Kf2 h6 20. Nge4 e5 21. Ng3 exf4 22. Nxh5 fxe3+ 23. Qxe3 Bxh5 24. Ne4 Ne5 25. Be2 Bg4 26. Qf4 Bf5 27. h5 Rfd8 28. Rxc8 Rxc8 29. hxg6 Bxg6 30. Nf6+ Bxf6 31. Qxf6 Nd7 32. Qd4 Nf8 33. Rxh6 Nh7 34. Bd3 Rc6 35. Bxg6 fxg6 36. Qd8+ Kg7 37. Rxh7+ Kxh7 38. Qd7+ Kh6 39. Qxb7 Rf6+ 40. Kg3 a6 41. b5 axb5 42. Qxb5 Rf5 43. a4 Rf1 44. a5 Rg1+ 45. Kh2 Ra1 46. a6 Ra2+ 47. Kg3 Ra3+ 48. Kf4 Ra1 49. Ke5 Rg1 50. Kd6 Rd1+ 51. Kc7 Rc1+ 52. Kb7 Ra1 53. a7 1-0


[Site "https://www.chess.com"]

[Event "Titled Tuesday Blitz March 15 Early 2022"]
[White "Maghsoodloo, Parham"]
[Black "Baches Garcia, Guillermo"]
[WhiteFideId "12539929"]
[BlackFideId "2209764"]
[WhiteElo "2630"]
[BlackElo "2425"]
[Result "1/2-1/2"]
[Round "02"]
[TimeControl "180+1"]
[Date "2022.03.15"]
[WhiteClock "0:01:34"]
[BlackClock "0:00:11"]

1. e4 c5 2. Nf3 d6 3. d4 cxd4 4. Nxd4 Nf6 5. Nc3 Nc6 6. Bg5 e6 7. Qd2 h6 8. Bxf6 gxf6 9. O-O-O a6 10. f4 Bd7 11. f5 Qb6 12. fxe6 fxe6 13. Nce2 h5 14. Kb1 O-O-O 15. g3 Bh6 16. Qc3 Kb8 17. Bh3 Nxd4 18. Nxd4 Rhe8 19. Rhf1 Bg5 20. Qf3 h4 21. Bg4 Rc8 22. gxh4 Bxh4 23. Qh3 Rh8 24. Bxe6 Bf2 25. Qb3 Qxb3 26. axb3 Bxe6 27. Nxe6 Rxh2 28. c3 Rg8 29. Rxd6 Rgg2 30. Nf4 Rg4 31. Rxf6 Be3 32. Nd5 Rgg2 33. Nxe3 Rxb2+ 34. Kc1 Ra2 35. Rf8+ Ka7 36. Kb1 Rhb2+ 37. Kc1 Rh2 38. Kb1 Rhb2+ 39. Kc1 Rh2 1/2-1/2


[Site "https://www.chess.com"]